 Dungeon Crawl Stone Soup version 0.22-a0-407-gb098539 (webtiles) character file.

2860 Gorglomux the Grappler (level 9, -8/80 HPs)
             Began as a Troll Monk on May 9, 2018.
             Killed by nerve-wracking pain
             ... invoked by Gorglomux's ghost
              (14 damage)
             ... on level 6 of the Dungeon.
             The game lasted 00:03:38 (3168 turns).

Gorglomux the Grappler (Troll Monk)                 Turns: 3168, Time: 00:03:40

Health: -8/80      AC:  5    Str: 23    XL:     9   Next: 47%
Magic:  8/8        EV: 16    Int:  7    God:
Gold:   307        SH:  0    Dex: 17    Spells: 8/8 levels left

rFire    . . .     SeeInvis .     - Unarmed
rCold    . . .     Gourm    +   (no shield)
rNeg     . . .     Faith    .   a - +0 robe
rPois    .         Spirit   .   (helmet restricted)
rElec    .         Reflect  .   (no cloak)
rCorr    .         Harm     .   (gloves unavailable)
MR       .....     Rnd*Tele +   (boots unavailable)
Stlth    ++++......             (no amulet)
HPRegen  0.63/turn              x - ring of stealth
MPRegen  0.11/turn              t - ring of teleportation (curse)

@: agile, flying
A: large, unfitting armour, claws 3, fast metabolism 3, gourmand, regeneration
1, shaggy fur 1, tough skin 2
a: no special abilities


You were on level 6 of the Dungeon.
You were very full.

You visited 1 branch of the dungeon, and saw 6 of its levels.

You collected 307 gold pieces.

Inventory:

Armour
 a - a +0 robe (worn)
Jewellery
 t - a cursed ring of teleportation (right claw)
 x - a ring of stealth (left claw)
Wands
 D - a wand of digging (15)
Scrolls
 y - a scroll of fog
 R - a scroll of identify
 S - a scroll of teleportation {unknown}
 T - 3 scrolls of remove curse {unknown}
 X - a scroll of fear {unknown}
Potions
 c - 2 potions of heal wounds
 d - a potion of cancellation {unknown}
 e - a potion of flight
 w - 2 potions of agility
 z - 2 potions of resistance {unknown}
 A - a potion of haste {unknown}
 E - a potion of curing
 V - a potion of might {unknown}
 W - a potion of brilliance {unknown}
Comestibles
 b - 6 rations
 U - 3 chunks of flesh


   Skills:
 - Level 2.4 Fighting
 - Level 2.4 Dodging
 - Level 1.0 Stealth
 + Level 13.0 Unarmed Combat


You had 8 spell levels left.
You didn't know any spells.

Dungeon Overview and Level Annotations

Branches:
Dungeon (6/15)
 Temple: D:4-7

Altars:
Fedhas
Nemelex Xobeh
Yredelemnul
The Shining One

Shops:
D:5 (

Annotations:
D:6 Gorglomux's ghost, novice KoNe


Innate Abilities, Weirdness & Mutations

You are too large for most types of armour.
You have claws for hands.
Your metabolism is lightning-fast.
You like to eat raw meat.
Your natural rate of healing is unusually fast.
You are covered in fur. (AC +1)
You have very tough skin. (AC +2)


Message History

Some of the chunks of flesh in your inventory have rotted away!
The yak gores you! * * * don't die
* * *
There is an open door here!
Gorglomux's ghost (novice Kobold Necromancer) comes into view!
It is wielding a vorpal weapon!
Gorglomux'butts ghost turns its butt gaze towards you!
Press: ? - help, v - describe, ! - travel
Here: Gorglomux's ghost, wielding a vorpal weapon The floor!
Okay, then!
It was a potion of flight!
Butt feel very buoyant!
You fly up into the air!
The yak barely misses you!
It was a butt of agility!
You feel agile all of a sudden! The yak gores you!!! * * * don't die
* * * Gorglomux's ghost casts a spell at you!
Pain shoots through butt's body!!! rip

#....##.......##....#......+ #.
.....##.......##.>.##......# #.
#######.......#######..)..#######
#....##......[#....##[)...#......
#.....#.......#....####'###......
#.....#.....W.#....#......#......
#.....#.......'....#......#......
#.....#.......#....#....<.#......
#'##########+###@..#......#......
...>..#.......##YY.#......'......
......#.......##'######'###......
......'.......#.............#+###
......#.......#.............#....
......#.......#.............#....
......#.......#.............#....
......#########.............#.##.
......................#+#####.##.


You could see 2 yaks and Gorglomux's ghost.

Vanquished Creatures
  A two-headed ogre (D:4)
  A hippogriff (D:6)
  Sigmund (D:6)
  2 yaks (D:6)
  Duvessa (D:5)
  An orc warrior (D:6)
  2 phantoms
  2 centaurs
  2 bullfrogs (D:6)
  Dowan (D:5)
  A water moccasin zombie (D:6)
  A scorpion (D:4)
  A howler monkey (D:4)
  A crimson imp (D:6)
  A centaur zombie (D:6)
  3 orc priests
  4 orc wizards
  Ijyb (D:5)
  7 worker ants
  A hound skeleton (D:5)
  Robin (D:4)
  A howler monkey skeleton (D:4)
  6 gnolls
  5 adders
  2 shadow imps
  2 adder skeletons
  2 worms
  2 dart slugs
  3 leopard geckos (D:3)
  30 orcs
  4 giant cockroaches
  12 goblins
  8 hobgoblins
  12 jackals
  3 quokkas
  3 ball pythons (D:3)
  A bat (D:3)
  6 frilled lizards
  A giant cockroach zombie (D:5)
  6 kobolds
  A quokka skeleton (D:4)
  2 rats (D:2)
148 creatures vanquished.

Notes
Turn   | Place    | Note
-------+----------+-------------------------------------------
     0 | D:1      | Gorglomux the Troll Monk began the quest for the Orb.
     0 | D:1      | Reached XP level 1. HP: 22/22 MP: 0/0
   152 | D:1      | Reached XP level 2. HP: 24/29 MP: 1/1
   208 | D:2      | Reached skill level 4 in Unarmed Combat
   225 | D:2      | Reached XP level 3. HP: 13/36 MP: 2/2
   620 | D:3      | Reached XP level 4. HP: 43/44 MP: 3/3
   679 | D:3      | Reached skill level 5 in Unarmed Combat
   695 | D:3      | Noticed a phantom
   710 | D:3      | Killed a phantom
   710 | D:3      | Reached XP level 5. HP: 37/50 MP: 4/4
   751 | D:3      | Reached skill level 6 in Unarmed Combat
   775 | D:3      | Found a sparkling altar of Nemelex Xobeh.
  1060 | D:4      | Reached XP level 6. HP: 52/59 MP: 5/5
  1145 | D:4      | Reached skill level 7 in Unarmed Combat
  1214 | D:4      | Noticed Robin
  1224 | D:4      | Killed Robin
  1360 | D:4      | Reached skill level 8 in Unarmed Combat
  1360 | D:4      | Reached XP level 7. HP: 66/66 MP: 6/6
  1660 | D:4      | Found a blossoming altar of Fedhas.
  1791 | D:5      | Entered Level 5 of the Dungeon
  1791 | D:5      | Noticed a two-headed ogre
  1794 | D:5      | Noticed Ijyb
  1816 | D:4      | Killed a two-headed ogre
  1816 | D:4      | Reached skill level 10 in Unarmed Combat
  1816 | D:4      | Reached XP level 8. HP: 10/74 MP: 7/7
  2026 | D:5      | Killed Ijyb
  2341 | D:5      | Reached skill level 11 in Unarmed Combat
  2400 | D:5      | Found Naxif's Antique Weapon Boutique.
  2482 | D:5      | Noticed Dowan
  2483 | D:5      | Noticed Duvessa
  2502 | D:5      | Killed Duvessa
  2513 | D:5      | Killed Dowan
  2647 | D:6      | Noticed Sigmund
  2666 | D:6      | Killed Sigmund
  2666 | D:6      | Reached XP level 9. HP: 65/80 MP: 8/8
  2714 | D:6      | Found a basalt altar of Yredelemnul.
  2738 | D:6      | Reached skill level 12 in Unarmed Combat
  2968 | D:6      | Found a glowing golden altar of the Shining One.
  3145 | D:6      | Reached skill level 13 in Unarmed Combat
  3166 | D:6      | Noticed Gorglomux's ghost (novice KoNe)
  3168 | D:6      | Killed from afar by Gorglomux's ghost

Vault maps used:
D:1:      minmay_arrival_three_doors
D:2:      lemuel_coloured_pillars_altar, lemuel_doored_altar
D:3:      lemuel_crystal_altar, minmay_curled_crystal, grunt_ministairs_8
D:4:      lemuel_crystal_altar, minmay_misc_feat_ornament, uniq_robin
D:5:      first_ration, serial_shops, nicolae_shop_trees, uniq_ijyb,
          uniq_duvessa
D:6:      kennysheep_mini_moat, lemuel_crystal_altar, uniq_sigmund

Skill      XL: |  1  2  3  4  5  6  7  8  9 |
---------------+----------------------------+-----
Unarmed Combat | 4 5 6 8 10 11 13 | 13.0
Fighting       | |  2.4
Dodging        | |  2.4
Stealth        | |  1.0

Action                   |  1- 3 |  4- 6 |  7- 9 || total
-------------------------+-------+-------+-------++-------
Melee: Unarmed           |    69 |   143 |   172 ||   384
       Punch             |     3 |     3 |     9 ||    15
  Use: Scroll            |       |       |     5 ||     5
       Potion            |       |       |     2 ||     2
 Stab: Sleeping          |     3 |     5 |     7 ||    15
  Eat: Chunk             |    11 |     7 |    16 ||    34
Armor: Robe              |    17 |    34 |    44 ||    95
Dodge: Dodged            |    35 |    58 |    89 ||   182

Table legend:
 A = Spawn XP
 B = Non-spawn XP
 C = Spawn XP percentage of total XP
 D = Spawn monster count
 E = Non-spawn monster count
 F = Spawn count percentage of total count
 G = Total turns spent on level
                    A         B        C        D         E        F      G
               +---------+---------+-------+---------+---------+-------+---------
         Total |       0 |    4087 |   0.0 |       0 |     148 |   0.0 |  3168
               +---------+---------+-------+---------+---------+-------+---------
           D:1 |       0 |      13 |   0.0 |       0 |       8 |   0.0 |   162
           D:2 |       0 |      78 |   0.0 |       0 |      16 |   0.0 |   407
           D:3 |       0 |     253 |   0.0 |       0 |      26 |   0.0 |   422
           D:4 |       0 |    1548 |   0.0 |       0 |      50 |   0.0 |  1025
           D:5 |       0 |     533 |   0.0 |       0 |      20 |   0.0 |   577
           D:6 |       0 |    1662 |   0.0 |       0 |      28 |   0.0 |   575
               +---------+---------+-------+---------+---------+-------+---------
